Description

From Harstem Youtube Guide. Harass with two tempest, then void ray

Replay - MaxPax Tempest Build PvZ

Build Order

Get SALT Encoding   

  12  0:00  Probe  
  13  0:12  Probe  
  14  0:19  Pylon  
  14  0:25  Probe  
  15  0:37  Probe (Chrono Boost)  
  15  0:42  Gateway  
  16  0:47  Probe x2 (Chrono Boost)  
  18  1:12  Nexus  
  18  1:15  Probe  
  19  1:22  Assimilator x2  
  19  1:28  Probe  
  20  1:38  Cybernetics Core  
  20  1:41  Probe (Chrono Boost)  
  21  1:48  Pylon  
  21  1:54  Probe (Chrono Boost)  
  24  2:12  Stalker (Chrono Boost)  
  27  2:28  Stargate  
  28  2:36  Adept  
  32  2:42  Warp Gate  
  34  2:55  Pylon  
  37  3:09  Oracle (Chrono Boost)  
  41  3:17  Gateway  
  42  3:25  Assimilator x2  
  43  3:30  Adept  
  48  3:44  Pylon  
  51  4:03  Fleet Beacon  
  51  4:08  Stargate  
  54  4:21  Nexus  
  55  4:24  Pylon  
  57  4:44  Tempest x2 (Chrono Boost)  
  69  4:57  Shield Battery  
  71  5:09  Protoss Air Weapons Level 1  
  71  5:13  Forge  
  72  5:16  Void Ray (Chrono Boost)  
  73  5:24  Void Ray (Chrono Boost)  
  85  5:36  Flux Vanes  
  88  5:50  Void Ray (Chrono Boost)  
  88  5:53  Assimilator x2  
  89  6:01  Void Ray (Chrono Boost)  
  100  6:17  Void Ray (Chrono Boost)  
  105  6:27  Void Ray (Chrono Boost)  
  105  6:31  Twilight Council  
  110  6:36  Gateway x2  
  111  6:45  Gateway x2  
  115  6:54  Void Ray x2 (Chrono Boost)  
  115  6:58  Gateway x3  
  115  7:06  Gateway  
  119  7:17  Templar Archives  
  120  7:33  Nexus  
  120  7:42  Zealot x5  
  139  7:59  High Templar x4  
  139  8:03  Shield Battery  
Spawning Tool Build Advisor. Get it on Overwolf

Go to:

Details

  • Created by: kerimovich
  • Published on: May 05, 2021
  • Modified on: May 05, 2021
  • Patch: 4.11.0
  • Difficulty: Medium
Show
View Real Time Build Order
Export as new Build Order

Comments (0)

There are no comments. Be the first!

Create an account to comment!